 Dungeon Crawl Stone Soup version 0.28-b1-25-g9875b3fc8c (webtiles) character file.

Game seed: 722928737576917656

49 tizbic2 the Ducker (level 3, 0/22 HPs)
             Began as an Octopode Gladiator on Feb 2, 2022.
             Was a Follower of Hepliaklqana.
             Slain by a gnoll (5 damage)
             ... on level 2 of the Dungeon.
             The game lasted 00:06:39 (1345 turns).

tizbic2 the Ducker (Octopode Gladiator)             Turns: 1345, Time: 00:06:40

Health: 0/22       AC:  1    Str: 13    XL:     3   Next: 75%
Magic:  3/3        EV: 14    Int: 10    God:    Hepliaklqana [*.....]
Gold:   11         SH:  0    Dex: 15    Spells: 2/2 levels left

rFire   . . .      SeeInvis .   a - +1 long sword
rCold   . . .      Faith    .   (no shield)
rNeg    . . .      Spirit   .   b - +0 hat
rPois   .          Reflect  .   (no amulet)
rElec   .          Harm     .   (no ring)
rCorr   .          Rampage  .   (no ring)
Will    .....                   (no ring)
Stlth   ++........              (no ring)
HPRegen 0.07/turn               (no ring)
MPRegen 0.08/turn               (no ring)
                                (no ring)
                                (no ring)

@: no status effects
A: reduced essence, almost no armour, amphibious, 8 rings, camouflage 1,
gelatinous body 1, (nimble swimmer 1), tentacles
a: Renounce Religion, Recall Ancestor, Ancestor Identity


You were on level 2 of the Dungeon.
You worshipped Hepliaklqana.
Hepliaklqana was aware of your devotion.
You visited 1 branch of the dungeon, and saw 2 of its levels.

You collected 11 gold pieces.

Inventory:

Hand Weapons
 a - a +1 long sword (weapon)
 e - a +0 dagger
Missiles
 c - 3 throwing nets
 d - 3 stones (quivered)
 h - 5 silver javelins
Armour
 b - a +0 hat (worn)


   Skills:
 + Level 2.4 Fighting
 + Level 3.2 Long Blades
 * Level 2.7 Throwing
 * Level 3.6 Dodging


You had 2 spell levels left.
You didn't know any spells.
Your spell library was empty.

Dungeon Overview and Level Annotations

Branches:
Dungeon (2/15)

Altars:
Hepliaklqana


Innate Abilities, Weirdness & Mutations

Your life essence is reduced to manifest your ancestor. (-10% HP)
You cannot wear most types of armour.
You are amphibious.
You can wear up to eight rings at the same time.
Your skin changes colour to match your surroundings (Stealth+).
Your rubbery body absorbs attacks. (AC +1, EV +1)
((You are camouflaged when in or above water. (Stealth+)))
You have tentacles for arms and can constrict up to eight enemies at once.


Message History

You closely miss the gnoll. You grab the gnoll.
You constrict the gnoll, but do no damage.
The gnoll hits you with a +0 club!
* * * LOW HITPOINT WARNING * * *
You release your grip on the gnoll.
Stabbert emerges from the mists of memory!
You swap places.
The gnoll hits Stabbert with a +0 club.
Stabbert hits the gnoll.
The gnoll hits Stabbert with a +0 club!
Stabbert hits the gnoll but does no damage.
The gnoll barely misses Stabbert.
Stabbert hits the gnoll.
The gnoll hits Stabbert with a +0 club!
Stabbert is destroyed!
You see here a +0 robe.
Stabbert emerges from the mists of memory!
You swap places.
Stabbert hits the gnoll.
The gnoll hits Stabbert with a +0 club.
Stabbert hits the gnoll.
The gnoll hits Stabbert with a +0 club.
Stabbert is destroyed!
There is a stone staircase leading up here.
You climb upwards.
There is a stone staircase leading down here.
You start resting.
Stabbert emerges from the mists of memory!
You start resting.
HP restored.
You climb downwards.
The gnoll hits you with a +0 club. The gnoll hits you with a +0 flail!
The gnoll hits you with a +0 club.
* * * LOW HITPOINT WARNING * * *
There is a stone staircase leading up, spattered with blood here.
You slash the gnoll! You grab the gnoll.
The gnoll is heavily wounded.
You constrict the gnoll. The gnoll closely misses you.
The gnoll barely misses you.
Stabbert hits the gnoll but does no damage.
The gnoll hits Stabbert with a +0 flail.
You hit the gnoll.
You kill the gnoll!
The gnoll hits you with a +0 club.
You die...

#####.########
#......g@)R..#
#.###.######.#
#†###.# #.#
#.#.#.# #g#
#..#.. #.# #.#
##.#.# #.# #.#
##....########.#
. #.#
#.........g....#
. #.#
#.....##########


You could see the friendly Stabbert the ancestor and a gnoll (ally target).

Vanquished Creatures
  2 gnolls (D:2)
  2 endoplasms (D:1)
  A giant cockroach (D:2)
  2 goblins (D:1)
  4 hobgoblins (D:1)
  5 kobolds (D:1)
  2 quokkas (D:1)
  2 ball pythons (D:1)
  4 bats (D:1)
  2 frilled lizards (D:1)
  A rat (D:1)
27 creatures vanquished.

Vanquished Creatures (collateral kills)
  A gnoll (D:2)
1 creature vanquished.

Vanquished Creatures (others)
  3 ancestors (D:2)
  A fungus (D:1)
  A plant (D:1)
5 creatures vanquished.

Grand Total: 33 creatures vanquished

Notes
Turn   | Place    | Note
-------+----------+-------------------------------------------
     0 | D:1      | tizbic2 the Octopode Gladiator began the quest for the Orb.
     0 | D:1      | Reached XP level 1. HP: 14/14 MP: 1/1
    81 | D:1      | Reached XP level 2. HP: 15/19 MP: 2/2
   691 | D:1      | Found a faded altar of an unknown god.
   712 | D:1      | Prayed at the altar of an unknown god.
   712 | D:1      | Became a worshipper of Hepliaklqana the Forgotten
   712 | D:1      | Reached * piety under Hepliaklqana
   765 | D:1      | Reached XP level 3. HP: 22/22 MP: 3/3
  1043 | D:2      | HP: 1/22 [gnoll (9)]
  1345 | D:2      | Slain by a gnoll

Illustrated notes

Levels and vault maps discovered:
D:1:      dpeg_arrival_rhombus, layout_loops_ring,
          shapermc_ecumenical_altar_mp_ritualfount
D:2:      layout_loops_ring, uniq_sigmund

Action                   || total
-------------------------++-------
Melee: Long sword        ||    37
       Constrict         ||    13
       Punch             ||     2
       Dagger            ||    10
       Tentacles         ||     6
Throw: Stone             ||     4
Invok: Ancestor Identity ||     1
  Use: Scroll            ||     2
 Stab: Sleeping          ||     5
Armor: Skin              ||     2
Dodge: Dodged            ||    39
